 Dungeon Crawl Stone Soup version 0.20-a0-1088-gd50b1d5 (webtiles) character file.

34486 McKennaii the Cleaver (level 13, -1/127 HPs)
             Began as a Minotaur Chaos Knight on May 1, 2017.
             Slain by a vault guard
             ... wielding a +3 great sword of chaos
              (7 damage)
             ... on level 14 of the Dungeon on May 2, 2017.
             The game lasted 01:25:20 (13169 turns).

McKennaii the Cleaver (Minotaur Chaos Knight)      Turns: 13169, Time: 01:25:22

Health: -1/127     AC: 21    Str: 19    XL:     13   Next: 42%
Magic:  2/12       EV: 14    Int: 11    God:    Xom [*.....]
Gold:   2541       SH: 20    Dex: 19    Spells: 12/12 levels left

rFire    + . .     SeeInvis .   a - +1 hand axe (chaos)
rCold    . . .     Gourm    .   g - +2 shield {AC+3}
rNeg     . . .     Faith    .   x - +5 scale mail of the Blessed Realm {MR+++ rCorr}
rPois    +         Spirit   .   (helmet unavailable)
rElec    .         Reflect  .   r - +0 cloak
rCorr    +         Harm     .   p - +0 pair of gloves
MR       +++..                  (no boots)
Stlth    ++........             (no amulet)
Regen    0.4/turn               M - ring of resist corrosion
MPRegen  0.2/turn               y - ring of poison resistance

@: no status effects
A: retaliatory headbutt, hooves 1, horns 3, icy blue scales 1, large bone plates
1, agile 2, clever 1, fire resistance 1, mutation resistance 1, robust 1, strong
1
a: Renounce Religion


You were on level 14 of the Dungeon.
You worshipped Xom.
You were a special plaything of Xom.
You were not hungry.

You visited 1 branch of the dungeon, and saw 14 of its levels.
You also visited: Bailey.

You collected 2728 gold pieces.
You spent 187 gold pieces at shops.

Inventory:

Hand Weapons
 a - a +1 hand axe of chaos (weapon)
Armour
 g - a +2 shield of protection (worn)
 p - a +0 pair of gloves (worn)
 r - a +0 cloak (worn)
 x - the +5 scale mail of the Blessed Realm (worn) {MR+++ rCorr}
   (You found it on level 9 of the Dungeon)

   It affects your resistance to hostile enchantments.
   It protects you from acid and corrosion.
Jewellery
 o - an uncursed ring of stealth
 y - a ring of poison resistance (right hand)
 K - an uncursed ring of protection from fire
 M - a ring of resist corrosion (left hand)
Wands
 e - a wand of iceblast (9/15)
 D - a wand of random effects (19/48)
 F - a wand of paralysis (11/24)
 I - a wand of acid (2/15)
Scrolls
 f - 8 scrolls of identify
 i - 2 scrolls of enchant weapon
 j - 4 scrolls of amnesia
 m - 3 scrolls of teleportation
 n - 5 scrolls of recharging
 w - 4 scrolls of remove curse
 B - 2 scrolls of fear {unknown}
 J - a scroll of summoning
Potions
 d - 7 potions of magic
 k - 2 potions of haste
 l - 2 potions of curing
 q - 5 potions of invisibility
 s - 4 potions of might
 t - 7 potions of resistance
 z - a potion of ambrosia
 A - a potion of agility {unknown}
 C - 2 potions of cancellation
 E - a potion of heal wounds
 G - a potion of flight
 L - a potion of brilliance {unknown}
Books
 v - a book of Conjurations

   Spells                             Type                      Level
   a - Magic Dart                     Conjuration                  1
   b - Searing Ray                    Conjuration                  2
   c - Dazzling Spray                 Conjuration/Hexes            3
   d - Fulminant Prism                Conjuration/Hexes            4
   e - Force Lance                    Conjuration/Translocation    4
   f - Iskenderun's Mystic Blast      Conjuration                  4
 H - a book of the Sky

   Spells                             Type                      Level
   a - Summon Lightning Spire         Summoning/Air                4
   b - Silence                        Hexes/Air                    5
   c - Deflect Missiles               Charms/Air                   6
   d - Conjure Ball Lightning         Conjuration/Air              6
   e - Tornado                        Air                          9
Comestibles
 c - 16 bread rations
 h - 20 meat rations
 u - 6 fruits


   Skills:
 + Level 11.1 Fighting
 + Level 14.6 Axes
 + Level 10.9 Armour
 + Level 6.6 Dodging
 + Level 7.4 Stealth
 + Level 13.3 Shields


You had 12 spell levels left.
You didn't know any spells.

Dungeon Overview and Level Annotations

Branches:
Dungeon (14/15)            Temple (0/1) D:4            Lair (0/6) D:8
    Orc (0/2) D:9          Vaults (0/5) D:14

Altars:
Ashenzari
Fedhas
Gozag
Nemelex Xobeh
Okawaru
Wu Jian
Xom
Yredelemnul
Jiyva

Shops:
D:5 [   D:8 (   D:9 %   D:14 (

Portals:
Trove: D:10 (give 9 potions of haste)


Innate Abilities, Weirdness & Mutations

You reflexively headbutt those who attack you in melee.
You have a pair of large horns on your head.
You have large cloven feet.
You are partially covered in icy blue scales. (AC +2)
You are partially covered in large bone plates. (SH +4)
You are very agile. (Dex +4)
Your mind is acute. (Int +2)
Your flesh is heat resistant. (rF+)
You are somewhat resistant to further mutation.
You are robust. (+10% HP)
Your muscles are strong. (Str +2)


Message History

You hit the vault guard but do no damage.
You kick the vault guard, but do no damage.
The vault guard is severely wounded.
The vault guard hits you with a great sword of chaos!
You closely miss the vault guard. Your kick misses the vault guard.
You headbutt the vault guard.
The vault guard is almost dead.
The vault guard hits you with a great sword of chaos!!
The vault guard freezes you!
* * * LOW HITPOINT WARNING * * *
You closely miss the vault guard.
You kick the vault guard, but do no damage.
The vault guard is almost dead.
You hit the vault guard but do no damage.
You kick the vault guard, but do no damage.
The vault guard is almost dead.
The vault guard hits you with a great sword of chaos!!
* * * LOW HITPOINT WARNING * * *
The vault guard freezes you!
You die...

#(#.##.# ####.# #.#.##.## #....#
#.......# #....# #..#.#..# #...##
#..#.#..# ##.## #.......# #.#
###...##..####.#####
...............#...#######
###.......######@#.......#
#....#.## ##p#######.########
#....#.# #.......##.........
#......# ##.......##########.
##...### ##.#......# #...[.
#...######<###.....# #.....
#.........#.#......######.....
####....####p##.......#..)..)....
..............#.......#(((((.....


You could see a vault guard (berserk).

Vanquished Creatures
  3 vault guards
  A centaur warrior (D:13)
  8 two-headed ogres
  The ghost of MirrMurr the Spear-Bearer, a novice GnSk of Okawaru (D:8)
  Urug (D:14)
  4 skeletal warriors (D:13)
  2 unseen horrors
  Pikel (D:6)
  2 deep elf magi
  9 ugly things
  2 gargoyles
  A centaur skeleton (D:12)
  A kobold demonologist (D:14)
  The ghost of sour the Covert, a novice OpAs (D:4)
  A rime drake (shapeshifter) (D:13)
  A komodo dragon (D:14)
  2 efreet
  2 trolls
  A tengu conjurer (D:13)
  A jumping spider (D:9)
  A merfolk (D:9)
  2 hippogriffs (shapeshifter)
  A hornet (D:10)
  A slime creature (D:10)
  7 hippogriffs
  A centaur simulacrum (D:13)
  A yak (shapeshifter) (D:13)
  A shadow (D:13)
  5 wraiths
  14 yaks
  Edmund (D:6)
  6 hungry ghosts
  7 vampire mosquitoes
  A soldier ant (shapeshifter) (D:13)
  A water moccasin (D:10)
  An acid dragon (D:12)
  9 orc warriors
  A swamp drake (D:10)
  2 ice beasts (D:12)
  5 sky beasts
  4 phantoms
  A slave (D:6)
  2 eyes of draining
  4 ogres
  A tengu (shapeshifter) (D:10)
  9 centaurs
  2 big kobolds (D:14)
  11 bullfrogs
  A gnoll sergeant (D:8)
  A wyvern zombie (D:10)
  A water moccasin skeleton (D:12)
  A scorpion (D:12)
  11 wights
  A howler monkey (shapeshifter) (D:4)
  8 howler monkeys
  7 crimson imps
  3 centaur zombies
  2 quasits (D:10)
  5 hounds
  7 orc priests
  Crazy Yiuf (D:4)
  A bullfrog skeleton (D:12)
  6 jellies
  Terence (D:2)
  2 iguanas
  10 orc wizards
  9 worker ants
  Natasha (D:2)
  A killer bee zombie (D:8)
  A hound skeleton (D:4)
  A worker ant zombie (D:10)
  6 gnolls
  A howler monkey skeleton (D:11)
  9 adders
  3 shadow imps
  An ooze (D:2)
  An adder skeleton (D:9)
  5 worms
  A ball lightning (D:12)
  11 dart slugs
  11 leopard geckos
  53 orcs
  9 bats
  14 giant cockroaches
  9 goblins
  8 hobgoblins
  10 jackals
  21 kobolds
  A quokka (D:6)
  10 frilled lizards
  4 rats
417 creatures vanquished.

Vanquished Creatures (collateral kills)
  A hound (D:7)
  A gnoll (D:8)
  A bush (D:14)
3 creatures vanquished.

Vanquished Creatures (others)
  A bullfrog skeleton (D:12)
  A jelly (D:12)
  An orc (D:12)
3 creatures vanquished.

Grand Total: 423 creatures vanquished

Notes
Turn   | Place    | Note
-------+----------+-------------------------------------------
     0 | D:1      | McKennaii the Minotaur Chaos Knight began the quest for the Orb.
     0 | D:1      | Reached XP level 1. HP: 19/19 MP: 0/0
   207 | D:1      | Reached XP level 2. HP: 15/27 MP: 1/1
   214 | D:1      | Reached skill level 4 in Axes
   532 | D:1      | XOM: harmless Chrm miscast
   583 | D:1      | Found a sparkling altar of Nemelex Xobeh.
   837 | D:1      | XOM: silly message
   931 | D:2      | XOM: god gift: 790 gold pieces
  1117 | D:2      | XOM: potion effect (berserk rage)
  1119 | D:2      | Reached XP level 3. HP: 34/34 MP: 2/2
  1159 | D:2      | XOM is BORED!
  1159 | D:2      | XOM: medium Hex miscast
  1168 | D:2      | Noticed Terence
  1168 | D:2      | Noticed Natasha
  1168 | D:2      | XOM: god gift: green potion {god gift}
  1170 | D:2      | Killed Natasha
  1172 | D:2      | Killed Terence
  1172 | D:2      | Reached XP level 4. HP: 37/41 MP: 3/3
  1399 | D:2      | XOM: give mutations
  1399 | D:2      | Gained mutation: You are agile. (Dex +2) [Xom's grace]
  1399 | D:2      | Gained mutation: You are robust. (+10% HP) [Xom's grace]
  1399 | D:2      | Gained mutation: You are somewhat resistant to further mutation. [Xom's grace]
  1431 | D:2      | XOM: fog
  1534 | D:2      | Reached skill level 5 in Fighting
  1582 | D:2      | XOM: give mutations
  1582 | D:2      | Gained mutation: Your mind is acute. (Int +2) [Xom's grace]
  1582 | D:2      | Gained mutation: You are partially covered in large bone plates. (SH +4) [Xom's grace]
  1582 | D:2      | Gained mutation: You are partially covered in icy blue scales. (AC +2) [Xom's grace]
  1737 | D:3      | XOM: give mutation
  1737 | D:3      | Gained mutation: Your flesh is heat resistant. (rF+) [Xom's grace]
  1796 | D:3      | Reached skill level 5 in Axes
  1796 | D:3      | Reached XP level 5. HP: 52/52 MP: 4/4
  2034 | D:3      | XOM: scenery: create altars
  2060 | D:3      | Reached skill level 6 in Axes
  2060 | D:3      | Reached XP level 6. HP: 48/61 MP: 5/5
  2325 | D:3      | XOM: give mutations
  2325 | D:3      | Gained mutation: Your muscles are strong. (Str +2) [Xom's grace]
  2325 | D:3      | Gained mutation: You have large cloven feet. [Xom's grace]
  2493 | D:4      | XOM: cloud trail
  2524 | D:4      | XOM: cast spell 'Alistair's Intoxication'
  2530 | D:4      | Noticed a steam dragon
  2530 | D:4      | an orc priest changed into a steam dragon
  2534 | D:4      | a steam dragon changed into a howler monkey
  2579 | D:4      | Found a staircase to the Ecumenical Temple.
  2723 | D:4      | Noticed a troll
  2742 | D:4      | XOM: confuse monster(s)
  2960 | D:4      | Found a runed door.
  3044 | D:4      | XOM: potion effect (curing)
  3046 | D:4      | Reached skill level 7 in Axes
  3079 | D:4      | Reached XP level 7. HP: 67/67 MP: 6/6
  3101 | D:4      | Noticed sour's ghost (novice OpAs)
  3138 | D:4      | XOM: confuse monster(s)
  3140 | D:4      | XOM: summons 7 friendly demons
  3143 | D:4      | Killed sour's ghost
  3143 | D:4      | Reached skill level 5 in Armour
  3246 | D:4      | XOM: enchant monster (good)
  3249 | D:4      | XOM: smoke on damage
  3250 | D:4      | Killed a troll
  3250 | D:4      | Reached skill level 8 in Axes
  3250 | D:4      | Reached XP level 8. HP: 51/77 MP: 7/7
  3411 | D:4      | Noticed Crazy Yiuf
  3421 | D:4      | Killed Crazy Yiuf
  3506 | D:5      | Entered Level 5 of the Dungeon
  3581 | D:5      | Found a blossoming altar of Fedhas.
  3594 | D:5      | XOM: cleaving
  3751 | D:5      | XOM: 1-stop teleportation journey
  3762 | D:5      | Reached skill level 9 in Axes
  3796 | D:5      | Found Xusaj's Antique Armour Boutique.
  3801 | D:5      | Bought a glowing shield for 187 gold pieces
  3864 | D:5      | Noticed a two-headed ogre
  3872 | D:5      | XOM: fog
  3874 | D:5      | XOM: blink monster(s)
  3877 | D:5      | Killed a two-headed ogre
  3877 | D:5      | Reached skill level 10 in Axes
  3877 | D:5      | Reached skill level 1 in Stealth
  4036 | D:5      | Reached XP level 9. HP: 85/85 MP: 8/8
  4539 | D:6      | XOM: scenery: create altars
  4577 | D:6      | XOM: 1-stop teleportation journey
  4680 | D:6      | Noticed Edmund
  4696 | D:6      | Killed Edmund
  4848 | D:6      | Noticed Pikel
  4858 | D:6      | Killed Pikel
  4866 | D:6      | Reached skill level 11 in Axes
  5164 | D:7      | Reached skill level 5 in Shields
  5213 | D:7      | XOM: summons friendly quasit
  5816 | D:7      | Upgraded the game from 0.20-a0-1086-g4bd2f5b to 0.20-a0-1088-gd50b1d5
  5904 | D:8      | Reached XP level 10. HP: 57/94 MP: 9/9
  5944 | D:8      | XOM: divination: detect creatures
  5955 | D:8      | Found a shimmering altar of Xom.
  5958 | D:8      | Found a shimmering altar of Xom.
  5959 | D:8      | Found a shimmering altar of Xom.
  5959 | D:8      | Found a shimmering altar of Xom.
  5960 | D:8      | Found a shimmering altar of Xom.
  5962 | D:8      | Found a shimmering altar of Xom.
  6076 | D:8      | Found a staircase to the Lair.
  6112 | D:8      | Found a flagged portal.
  6119 | Bailey   | Entered a bailey
  6169 | Bailey   | XOM: confuse monster(s)
  6194 | Bailey   | XOM: cloud trail
  6411 | D:8      | Noticed MirrMurr's ghost (novice GnSk)
  6433 | D:8      | XOM: enchant monster (good)
  6434 | D:8      | XOM: destruction
  6457 | D:8      | XOM: cleaving
  6464 | D:8      | XOM: potion effect (agility)
  6466 | D:8      | XOM: cast spell 'Shadow Creatures'
  6467 | D:8      | Killed MirrMurr's ghost
  6467 | D:8      | XOM: fog
  6468 | D:8      | Reached skill level 12 in Axes
  6663 | D:8      | Noticed a moth of wrath
  6688 | D:8      | XOM: harmless Tloc miscast
  6779 | D:8      | Found a sparkling altar of Nemelex Xobeh.
  6780 | D:8      | Found an opulent altar of Gozag.
  6898 | D:8      | Found Leoti's Antique Weapon Shoppe.
  7185 | D:9      | Found a staircase to the Orcish Mines.
  7396 | D:9      | XOM: stat loss: -1 Int (10/11)
  7466 | D:9      | XOM: harmless Erth miscast
  7477 | D:9      | XOM: noise
  7513 | D:9      | XOM: polymorph yak -> jumping spider
  7530 | D:9      | XOM: confusion
  7537 | D:9      | XOM: scenery: create altars
  7628 | D:9      | Got an ancient scale mail
  7639 | D:9      | Identified the +5 scale mail of the Blessed Realm {MR+++ rCorr} (You found it on level 9 of the Dungeon)
  7681 | D:9      | Found Wuokkaon's Food Shop.
  7807 | D:9      | XOM: summons 5 hostile demons
  7892 | D:9      | XOM: mild Tmut miscast
  7913 | D:9      | Found a basalt altar of Yredelemnul.
  7913 | D:9      | Found an ornate altar of the Wu Jian Council.
  7914 | D:9      | Found a shattered altar of Ashenzari.
  8126 | D:9      | XOM: summons friendly iron imp
  8131 | D:9      | Reached XP level 11. HP: 94/104 MP: 10/10
  8136 | D:9      | Found an iron altar of Okawaru.
  8281 | D:10     | Entered Level 10 of the Dungeon
  8379 | D:10     | XOM: polymorph sky beast -> swamp drake
  8474 | D:10     | XOM: divination: detect creatures
  8488 | D:10     | XOM: harmless Ice miscast
  8497 | D:10     | XOM: noise
  8534 | D:10     | Found a viscous altar of Jiyva.
  8542 | D:10     | XOM: blink monster(s)
  8645 | D:10     | XOM: cleaving
  8715 | D:10     | Noticed a two-headed ogre
  8731 | D:10     | Killed a two-headed ogre
  8731 | D:10     | Reached skill level 13 in Axes
  8745 | D:10     | XOM: noise
  8813 | D:10     | Found a portal to a secret trove of treasure.
  8964 | D:11     | XOM: 1-stop teleportation journey
  9114 | D:11     | Noticed a green ugly thing
  9116 | D:11     | XOM: harmless Air miscast
  9118 | D:11     | XOM: noise
  9122 | D:11     | Noticed a red ugly thing
  9130 | D:11     | Killed a green ugly thing
  9140 | D:11     | XOM: 1-stop teleportation journey
  9217 | D:11     | XOM: confuse monster(s)
  9226 | D:11     | Reached skill level 10 in Shields
  9328 | D:11     | XOM: 9-stop teleportation journey
  9483 | D:11     | Killed a red ugly thing
  9648 | D:12     | XOM: god gift: meat ration
  9655 | D:12     | Reached skill level 10 in Armour
  9670 | D:12     | Noticed a two-headed ogre
  9776 | D:12     | Noticed a two-headed ogre
  9782 | D:12     | Killed a two-headed ogre
  9783 | D:12     | XOM: scenery: 1 doors open, 1 doors close
  9788 | D:12     | XOM: 1-stop teleportation journey
  9828 | D:12     | XOM: 2-stop teleportation journey
  9881 | D:12     | XOM: mild Pois miscast
  9914 | D:12     | Killed an unseen horror
  9928 | D:12     | XOM: summons 5 hostile demons
 10081 | D:12     | Noticed a white ugly thing
 10082 | D:12     | XOM: confusion
 10093 | D:12     | XOM: enchant monster (bad)
 10135 | D:12     | Killed a white ugly thing
 10285 | D:12     | XOM: mild Air miscast
 10292 | D:12     | XOM: harmless Pois miscast
 10311 | D:12     | Noticed a deep elf mage
 10317 | D:12     | Killed a deep elf mage
 10317 | D:12     | Reached skill level 5 in Dodging
 10336 | D:12     | Noticed a two-headed ogre
 10346 | D:12     | XOM: polymorph manticore -> slime creature
 10347 | D:12     | Noticed a two-headed ogre
 10347 | D:12     | a slime creature changed into a two-headed ogre
 10357 | D:12     | Killed a two-headed ogre
 10357 | D:12     | Reached XP level 12. HP: 114/114 MP: 11/11
 10358 | D:12     | XOM: severe Air miscast
 10362 | D:12     | XOM: snakes to sticks
 10369 | D:12     | XOM: harmless Chrm miscast
 10371 | D:12     | Killed a two-headed ogre
 10371 | D:12     | Reached skill level 5 in Stealth
 10450 | D:12     | Reached skill level 14 in Axes
 10498 | D:12     | Found a blossoming altar of Fedhas.
 10727 | D:12     | XOM: swap monsters
 10769 | D:12     | XOM: summons 6 hostile demons
 10784 | D:12     | XOM: mild Tmut miscast
 10803 | D:12     | Killed a two-headed ogre
 10961 | D:13     | Noticed a centaur warrior
 11063 | D:13     | XOM: harmless Hex miscast
 11171 | D:13     | XOM: enchant monster (bad)
 11178 | D:13     | Killed a centaur warrior
 11209 | D:13     | XOM: harmless Tmut miscast
 11249 | D:13     | XOM: 1-stop teleportation journey
 11254 | D:13     | XOM: draining
 11269 | D:13     | XOM: mild Fire miscast
 11274 | D:13     | XOM: noise
 11306 | D:13     | XOM: cast spell 'Dispersal'
 11320 | D:13     | XOM: give mutations
 11320 | D:13     | Gained mutation: You are very agile. (Dex +4) [Xom's grace]
 11320 | D:13     | Gained mutation: You have a pair of large horns on your head. [Xom's grace]
 11333 | D:13     | Reached skill level 10 in Fighting
 11586 | D:13     | Noticed a two-headed ogre
 11674 | D:13     | Killed a two-headed ogre
 11799 | D:13     | Noticed Nessos
 11813 | D:13     | XOM: cleaving
 11815 | D:13     | XOM: enchant monster (good)
 11818 | D:13     | Nessos changed into Nessos the hippogriff
 11818 | D:13     | XOM: polymorph Nessos -> Nessos the hippogriff
 11893 | D:13     | XOM: potion effect (brilliance)
 11902 | D:13     | XOM: mild Chrm miscast
 11917 | D:13     | XOM: divination: detect creatures
 12013 | D:13     | XOM: noise
 12038 | D:13     | XOM: divination: detect creatures
 12042 | D:13     | XOM: potion effect (brilliance)
 12062 | D:13     | Reached XP level 13. HP: 48/125 MP: 1/12
 12064 | D:13     | XOM: silly message
 12396 | D:14     | XOM: silly message
 12408 | D:14     | XOM: divination: detect items
 12415 | D:14     | XOM: potion effect (curing)
 12420 | D:14     | XOM: confuse monster(s)
 12429 | D:14     | XOM: cleaving
 12433 | D:14     | XOM: chaos cloud
 12757 | D:14     | Noticed Urug
 12763 | D:14     | XOM: blink monster(s)
 12764 | D:14     | XOM: confusion
 12803 | D:14     | Killed Urug
 12826 | D:14     | Found Zonno's Weapon Shop.
 12850 | D:14     | XOM: cast spell 'Metabolic Englaciation'
 12881 | D:14     | Found a gate to the Vaults.
 12897 | D:14     | XOM: chaos upgrade
 12913 | D:14     | XOM: summons 3 friendly demons
 12940 | D:14     | XOM: polymorph vault guard -> queen ant
 12944 | D:14     | XOM: enchant monster (good)
 12949 | D:14     | XOM: confusion
 13155 | D:14     | XOM: chaos upgrade
 13169 | D:14     | HP: 6/127 [vault guard/great sword of chaos (23)]
 13169 | D:14     | Slain by a vault guard

Vault maps used:
D:1:      dpeg_arrival_rhombus, nemelex_diamond_rough_becter
D:2:      kb_forest_paths, uniq_terence, uniq_natasha
D:3:      corexii_corridor_pit
D:4:      temple_fountains, first_bread, uniq_crazy_yiuf_cottage
D:5:      kennysheep_slugbush, serial_shops, shop, fedhas_altar_1
D:6:      kennysheep_small_square, uniq_pikel, uniq_edmund
D:8:      xom_shifter_show, grunt_temple_overflow_opulence, lair_entry_dummy,
          serial_shops, shop, enter_bailey_3
D:9:      gammafunk_temple_overflow_claw, kennysheep_okawaru_gauntlet,
          serial_shops, nicolae_shop_waterfront, hangedman_fish_farm
D:10:     enter_trove_6, st_stairs_1, jiyva_altar_1
D:12:     basic_altar, minmay_misc_feat_roman, minmay_bent
D:13:     uniq_nessos
D:14:     erik_vaults_2, serial_park_gazebo, serial_shops, shop, uniq_urug
Bailey:   bailey_axe_1, bailey

Skill      XL: |  1  2  3  4  5  6  7  8  9 10 11 12 13 |
---------------+----------------------------------------+-----
Fighting       | 4 5 6 7 8 9 10 11 | 11.1
Axes           | 4 5 6 7 8 10 11 12 13 14 | 14.6
Armour         | 3 4 6 7 8 9 10 | 10.9
Dodging        | 2 3 5 6 |  6.6
Stealth        | 1 2 4 6 7 |  7.4
Shields        | 2 5 9 10 12 13 | 13.3

Action                   |  1- 3 |  4- 6 |  7- 9 | 10-12 | 13-15 || total
-------------------------+-------+-------+-------+-------+-------++-------
Melee: Hand axe          |    47 |   188 |   312 |  1081 |   242 ||  1870
       Headbutt          |     4 |    38 |    85 |   302 |    74 ||   503
       Kick              |       |       |       |   182 |   110 ||   292
  Use: Scroll            |     4 |     4 |       |    18 |       ||    26
       Potion            |       |     1 |       |     4 |       ||     5
 Stab: Petrifying        |     1 |       |       |     7 |       ||     8
       Confused          |       |     1 |     3 |     4 |     3 ||    11
       Paralysed         |       |       |     5 |    25 |     5 ||    35
       Distracted        |       |       |     1 |     2 |       ||     3
       Petrified         |       |       |       |    20 |       ||    20
       Invisible         |       |       |       |       |     2 ||     2
  Eat: Chunk             |     1 |     6 |     9 |    22 |     5 ||    43
       Royal jelly       |       |       |       |     2 |       ||     2
       Fruit             |       |       |       |     1 |       ||     1
Armor: Leather armour    |     7 |       |       |       |       ||     7
       Chain mail        |    26 |   110 |    39 |       |       ||   175
       Plate armour      |       |       |    74 |   115 |       ||   189
       Scale mail        |       |       |       |   252 |    35 ||   287
Dodge: Dodged            |    35 |    43 |    42 |   215 |    26 ||   361
Block: Other             |       |    19 |    14 |       |       ||    33
       Shield            |       |       |   107 |   755 |   110 ||   972
